AoeStats
← Chiripa605

MegaRandom

505335666Analyzed
4v4 RM · 25d ago on Sep 8, 2026· 47m 51s· 8 players
Game mode
Random Map
Map size
Large (8 player)
Population
200
Speed
Normal
Resources
Standard
Victory
Conquest
Starting age
Dark Age
Ending age
Imperial Age
RankedLock teamsTeams togetherTeam positionsShared explorationLock speedFull tech treeHidden civsTurbo modeCheats
Victory
Defeat
🇲🇽 Mongols · Mexico
1266
+12
🇮🇹 Burgundians · Italy
1207
+14
🇺🇸 Lithuanians · United States
1203
+14
🇧🇷 Celts · Brazil
1179
+15
🇨🇴 Spanish · Colombia
1286
-18
🇨🇴 Italians · Colombia
1186
-14
🇲🇽 Vietnamese · Mexico
1158
-14
🇨🇴 Magyars · Colombia
1038
-9
b² - 4ac
1:55 Loom
11:27 Feudal Age
17:02 Castle Age
montiz_punk
13:18 Feudal Age
14:57 Double-Bit Axe
16:06 Fishing Lines
16:46 Horse Collar
17:27 Stone Mining
20:07 Castle Age
20:23 Bloodlines
22:33 Light Cavalry
26:31 Heavy Plow
30:28 Scale Barding Armor
30:24 Scale Mail Armor
31:15 Bow Saw
32:55 Wheelbarrow
32:53 Gold Mining
32:50 Demolition Ship
38:41 Imperial Age
36:44 Corvinian Army
38:19 Ballistics
38:25 Hand Cart
classicdao066
8:13 Loom
11:52 Feudal Age
14:47 Fletching
16:26 Double-Bit Axe
17:17 Forging
21:30 Castle Age
32:53 Town Watch
33:21 Elite Skirmisher
34:33 Bodkin Arrow
35:08 Padded Archer Armor
yupi999
7:16 Loom
11:52 Feudal Age
19:22 Castle Age
22:24 Medium Warships
25:54 Double-Bit Axe
25:52 Horse Collar
29:12 Fletching
32:28 Wheelbarrow
34:29 Bodkin Arrow
34:43 Padded Archer Armor
38:42 Imperial Age
36:28 Hand Cart
41:16 Heavy Warships
46:00 Thumb Ring
Chiripa605
3:47 Loom
11:08 Feudal Age
13:13 Double-Bit Axe
15:58 Castle Age
16:55 Bow Saw
16:59 Town Watch
19:25 Wheelbarrow
24:07 Scale Barding Armor
24:29 Devotion
25:09 Atonement
26:08 Bloodlines
26:20 Chain Barding Armor
26:25 Fletching
30:48 Husbandry
35:05 Imperial Age
34:19 Bodkin Arrow
35:02 Hand Cart
35:04 Forging
36:28 Plate Barding Armor
35:27 Cavalier
37:41 Iron Casting
38:31 Conscription
39:45 Paladin
42:37 Treadmill Crane
43:15 Fishing Lines
44:57 Two-Man Saw
48:34 Clinker Construction
xblxavier
10:48 Feudal Age
11:33 Double-Bit Axe
11:40 Gold Mining
11:35 Fishing Lines
15:59 Wheelbarrow
16:45 Fletching
17:50 Horse Collar
22:43 Castle Age
22:20 Loom
23:28 Bodkin Arrow
23:46 Medium Warships
23:27 Gillnets
24:38 Heavy Plow
24:49 Bow Saw
24:59 Hand Cart
25:52 Gold Shaft Mining
25:07 Stone Mining
26:56 Clinker Construction
27:09 Ballistics
28:57 Stone Shaft Mining
31:34 Imperial Age
33:16 Chemistry
33:04 Scale Mail Armor
33:15 Forging
34:18 Chain Mail Armor
34:47 Bracer
34:24 Pikeman
35:41 Iron Casting
35:54 Heavy Warships
36:20 Town Watch
37:27 Plate Mail Armor
37:19 Town Patrol
37:50 Masonry
38:45 Conscription
37:46 Elite Mangudai
39:50 Thumb Ring
40:11 Parthian Tactics
39:50 Padded Archer Armor
40:34 Bloodlines
40:24 Husbandry
43:22 Leather Archer Armor
43:05 Murder Holes
43:16 Siege Engineers
43:36 Carvel Hull
43:27 Careening
joaopessoense
11:45 Feudal Age
12:18 Double-Bit Axe
14:06 Town Watch
15:34 Fishing Lines
20:32 Castle Age
20:51 Fletching
21:48 Bow Saw
22:29 Medium Warships
26:07 Pikeman
27:10 Town Patrol
28:42 Loom
31:00 Wheelbarrow
32:42 Hand Cart
34:03 Arson
34:04 Gambesons
34:26 Scale Mail Armor
39:53 Imperial Age
40:56 Conscription
42:55 Horse Collar
44:52 Heavy Plow
45:03 Stronghold
44:43 Elite Skirmisher
47:42 Chain Mail Armor
47:37 Forging
46:55 Elite Woad Raider
lillithadam20
12:34 Feudal Age
16:25 Castle Age
15:15 Double-Bit Axe
17:06 Bow Saw
16:55 Gold Mining
17:49 Medium Warships
20:23 Gold Shaft Mining
21:40 Two-Man Saw
21:03 Horse Collar
23:58 Wheelbarrow
27:56 Fervor
29:36 Hand Cart
30:03 Fletching
30:33 Pikeman
32:17 Loom
39:48 Imperial Age
38:43 Scale Mail Armor
38:54 Forging
38:47 Squires
38:33 Arson
38:51 Stone Mining
39:54 Heavy Plow
41:26 Heavy Warships
41:20 Chain Mail Armor
41:40 Iron Casting
40:26 Halberdier
42:38 Plate Mail Armor
45:23 Blast Furnace
44:29 Scale Barding Armor
47:11 Chain Barding Armor
47:15 Burgundian Vineyards
47:31 Conscription
Connection lost

Rejoining the realm…

Still unreachable

The connection could not be restored.

Session expired

The server has moved on; the page needs a fresh start.